 Dungeon Crawl Stone Soup version 0.17.1-1-g73c8601 (webtiles) character file.

127 Killerpretzel the Conjurer (level 4, -11/24 HPs)
             Began as a Deep Elf Conjurer on Dec 29, 2015.
             Mangled by Peloso's ghost (13 damage)
             ... on level 4 of the Dungeon.
             The game lasted 00:08:03 (3116 turns).

Killerpretzel the Conjurer (Deep Elf Conjurer)      Turns: 3116, Time: 00:08:03

Health: -11/24     AC:  2    Str:  6    XL:     4   Next: 85%
Magic:  5/10       EV: 13    Int: 20    God:
Gold:   94         SH:  0    Dex: 15    Spells: 2 memorised, 6 levels left

rFire  . . .     SeeInvis .     e - +0 hunting sling
rCold  . . .     Clarity  .     a - +0 robe
rNeg   . . .     SustAt   .     (no shield)
rPois  .         Gourm    .     (no helmet)
rElec  .         Spirit   .     (no cloak)
rCorr  .         Warding  .     (no gloves)
rMut   .         Stasis   .     (no boots)
MR     .....                    (no amulet)
Stlth  ++........               (no ring)
                                (no ring)

@: not resistant to hostile enchantments, unstealthy
A: no striking features
a: no special abilities


You were on level 4 of the Dungeon.
You were hungry.

You visited 1 branch of the dungeon, and saw 4 of its levels.

You collected 94 gold pieces.

Inventory:

Hand Weapons
 e - a +0 hunting sling (weapon)
Missiles
 l - 74 stones (quivered)
Armour
 a - a +0 robe (worn)
Scrolls
 f - a scroll of remove curse {unknown}
 j - a scroll of immolation {unknown}
 o - a scroll of teleportation {unknown}
 p - 2 scrolls of enchant weapon {unknown}
 q - 2 scrolls of identify {unknown}
Potions
 d - a potion of curing {unknown}
 g - a potion of cure mutation {unknown}
 m - a potion of heal wounds {unknown}
Books
 b - a book of Conjurations

   Spells                             Type                      Level
   a - Magic Dart                     Conjuration                  1
   b - Searing Ray                    Conjuration                  2
   c - Dazzling Spray                 Conjuration/Hexes            3
   d - Fulminant Prism                Conjuration/Hexes            4
   e - Iskenderun's Mystic Blast      Conjuration                  4
   f - Iskenderun's Battlesphere      Conjuration/Charms           5
Comestibles
 c - 3 bread rations
 h - 4 meat rations
 i - a royal jelly
 k - a beef jerky
 n - a fruit
 r - a chunk of flesh
 s - a slice of pizza


   Skills:
 - Level 2.4 Dodging
 - Level 2.4 Stealth
 - Level 3.0 Spellcasting
 + Level 6.8 Conjurations


You had 6 spell levels left.
You knew the following spells:

 Your Spells              Type           Power        Failure   Level  Hunger
a - Magic Dart            Conj           ####         1%          1    None
b - Searing Ray           Conj           ####..       1%          2    ##.....


Dungeon Overview and Level Annotations

Branches:
Dungeon (4/15)
 Temple: D:4-7

Altars:
Okawaru

Annotations:
D:3 Sigmund
D:4 Peloso's ghost, amateur MiFi


Message History

Press: ? - help, Shift-Dir - straight line, f - Peloso's ghost
Aim: Peloso's ghost (hasn't noticed you)
The searing ray hits Peloso's ghost.
Peloso's ghost is lightly damaged.
Peloso's ghost turns its malevolent gaze towards you.
You are feeling hungry.
The searing ray hits Peloso's ghost.
Peloso's ghost is lightly damaged.
The searing ray hits Peloso's ghost.
Peloso's ghost is lightly damaged.
The searing ray misses Peloso's ghost.
Peloso's ghost hits you but does no damage.
Peloso's ghost hits you! Peloso's ghost hits you!
Ouch! That really hurt!
* * * LOW HITPOINT WARNING * * *
Peloso's ghost completely misses you. Peloso's ghost hits you!
Ouch! That really hurt!
You die...

## ## #### .
.. .)#.#
#.##.#.###
#...@W...#
####.#.#....
#.# # . (.#
####


You could see Peloso's ghost.

Vanquished Creatures
  4 adders
  4 oozes
  A worm (D:3)
  4 giant geckos
  An orc (D:3)
  4 bats
  7 hobgoblins
  6 jackals
  3 quokkas
  2 ball pythons (D:1)
  7 giant cockroaches
  5 giant newts
  4 goblins
  8 kobolds
  9 rats
69 creatures vanquished.

Notes
Turn   | Place    | Note
--------------------------------------------------------------
     0 | D:1      | Killerpretzel the Deep Elf Conjurer began the quest for the Orb.
     0 | D:1      | Reached XP level 1. HP: 10/10 MP: 6/6
   249 | D:1      | Reached XP level 2. HP: 15/15 MP: 0/8
   253 | D:1      | Learned a level 2 spell: Searing Ray
   384 | D:1      | Reached skill level 5 in Conjurations
   841 | D:1      | Reached XP level 3. HP: 19/19 MP: 7/9
  1762 | D:2      | Reached skill level 6 in Conjurations
  1961 | D:2      | Reached XP level 4. HP: 24/24 MP: 7/10
  2626 | D:3      | Found an iron altar of Okawaru.
  3083 | D:3      | Noticed Sigmund
  3108 | D:4      | Noticed Peloso's ghost (amateur MiFi)
  3116 | D:4      | Mangled by Peloso's ghost

Action                   |  1- 3 |  4- 6 || total
-------------------------+-------+-------++-------
Melee: Unarmed           |    10 |       ||    10
 Fire: Hunting sling     |       |     3 ||     3
 Cast: Magic Dart        |    82 |    69 ||   151
       Searing Ray       |       |     1 ||     1
  Eat: Chunk             |     3 |     3 ||     6
